 Dungeon Crawl Stone Soup version 0.29.1-15-g9cfb28693d (webtiles) character file.

Game seed: 12873814968971364319

154 safid the Chiller (level 5, 0/41 HPs)
             Began as a Merfolk Ice Elementalist on May 1, 2023.
             Slain by an orc
             ... wielding a +0 flail
              (2 damage)
             ... on level 3 of the Dungeon.
             The game lasted 00:04:37 (3930 turns).

safid the Chiller (Merfolk Ice Elementalist)        Turns: 3930, Time: 00:04:37

Health: 0/41       AC:  3    Str:  9    XL:     5   Next: 35%
Magic:  8/9        EV: 12    Int: 16    God:
Gold:   76         SH:  0    Dex: 14    Spells: 3/10 levels left

rFire   + . .      SeeInvis .   c - +0 dagger
rCold   . . .      Faith    .   (no shield)
rNeg    . . .      Spirit   .   a - +0 robe
rPois   .          Reflect  .   (no helmet)
rElec   +          Harm     .   (no cloak)
rCorr   .          Rampage  .   (no gloves)
Will    .....                   m - +0 pair of boots
Stlth   ++........              (no amulet)
HPRegen 0.13/turn               r - ring of Harmony {rElec rF+ Slay+2}
MPRegen 0.11/turn               (no ring)

@: no status effects
A: (nimble swimmer 2), mertail
a: no special abilities


You were on level 3 of the Dungeon.
You visited 1 branch of the dungeon, and saw 4 of its levels.

You collected 76 gold pieces.

Inventory:

Hand Weapons
 c - a +0 dagger (weapon)
Armour
 a - a +0 robe (worn)
 m - a +0 pair of boots (worn)
Jewellery
 r - the ring of Harmony (left hand) {rElec rF+ Slay+2}
   (You found it on level 3 of the Dungeon)

   [ring of protection from fire]

   Slay:      It affects your accuracy & damage with ranged weapons and melee
   (+2).
   rF:        It protects you from fire.
   rElec:     It insulates you from electricity.
Scrolls
 d - 4 scrolls of enchant weapon {unknown}
 h - 2 scrolls of identify {unknown}
 j - a scroll of enchant armour {unknown}
 o - a scroll of blinking {unknown}
 q - a scroll of noise {unknown}
Potions
 b - a potion of magic
 e - a potion of mutation {unknown}
 f - a potion of flight {unknown}
 g - a potion of heal wounds {unknown}
 i - 2 potions of attraction {unknown}
 k - a potion of curing {unknown}
 l - a potion of lignification {unknown}
 n - a potion of haste {unknown}
 p - a potion of brilliance {unknown}
 s - 2 potions of berserk rage {unknown}
 t - a potion of resistance {unknown}


   Skills:
 + Level 3.0 Fighting
 - Level 2.6 Dodging
 - Level 2.1 Stealth
 + Level 3.2 Spellcasting
 + Level 5.4 Ice Magic


You had 3 spell levels left.
You knew the following spells:

 Your Spells              Type           Power      Damage    Failure   Level
a - Freeze                Ice            76%        1d9       1%          1
b - Frozen Ramparts       Ice            38%        1d6       6%          3
c - Ozocubu's Armour      Ice            19%        N/A       6%          3

Your spell library contained the following spells:

 Spells                   Type           Power      Damage    Failure   Level
 Hailstorm                Conj/Ice       11%        3d5       52%         4


Dungeon Overview and Level Annotations

Branches:
Dungeon (4/15)
 Temple: D:4-7

Altars:
Zin


Innate Abilities, Weirdness & Mutations

((You are very nimble when in or above water. (Stealth+, EV+, Speed+++)))
Your lower body shifts to a powerful aquatic tail in water.


Message History

Your Fighting skill increases to level 3!
Unknown command.
The frozen ramparts melt away.
Magic restored.
An orc comes into view. It is wielding a +0 flail.
The orc shouts!
You hear a shout!
An orc comes into view. It is wielding a +0 short sword.
The orc shouts!
You hit the orc.
The orc is lightly wounded.
You hear a shout!
The orc completely misses you.
An orc priest comes into view. It is wielding a +0 flail.
You barely miss the orc.
The orc is lightly wounded.
The orc priest mumbles some strange prayers to Beogh against you.
Beogh smites you!
* * * LOW HITPOINT WARNING * * *
The orc barely misses you.
You hear a shout!
The orc hits you with a +0 flail.
* * * LOW HITPOINT WARNING * * *
An ogre comes into view. It is wielding a +0 giant club.
The ogre shouts!
The orc priest looks encouraged for a moment.
There is a stone staircase leading up here.
Unknown command.
The orc hits you with a +0 flail!
* * * LOW HITPOINT WARNING * * *
You climb upwards.
There is a stone staircase leading down here.
Casting: Freeze (safe; 1% risk of failure)
Confirm with . or Enter, or press ? or * to list all spells.
Aiming: Freeze (safe; 1% risk of failure)
Press: ? - help, Shift-Dir - straight line, f - orc
Aim: an orc, wielding a +0 flail and wearing a +0 leather armour (lightly wounded)
You freeze the orc.
The orc is moderately wounded.
The orc hits you with a +0 flail.
You die...

##.#.# ##.........##.#
###.# ##..##+##..#.#
#.# #.##...##.#.#
##.##### #.#..#..#.#.#
#......# ##.#.#(#.#...#
#..###.###..+..#.)'...#
#..# #.##...#.#.#†#...#
#..###.##...#.†#..#...#
#........#@.##...##.###
#.####.##.#o.##'##..#
#.# #.####........##
#.####.# #.....####
#......# #.#####
######## #.# #.#
######### #####.###
#.......# #.......#


You could see an orc.

Vanquished Creatures
  An iguana (D:4)
  An orc wizard (D:3)
  2 adders
  An ufetubus (D:4)
  2 dart slugs
  2 orcs (D:3)
  4 ball pythons
  7 bats
  6 endoplasms
  7 giant cockroaches
  8 goblins
  11 hobgoblins
  3 jackals (D:3)
  2 kobolds (D:2)
  A quokka (D:3)
  A frilled lizard (D:2)
  9 rats
68 creatures vanquished.

Notes
Turn   | Place    | Note
-------+----------+-------------------------------------------
     0 | D:1      | safid the Merfolk Ice Elementalist began the quest for the
                  | Orb.
     0 | D:1      | Reached XP level 1. HP: 13/13 MP: 3/3
   331 | D:1      | Reached XP level 2. HP: 20/20 MP: 5/5
   341 | D:1      | Reached skill level 1 in Fighting
   415 | D:1      | Found a faded altar of an unknown god.
  1148 | D:1      | Reached XP level 3. HP: 23/26 MP: 4/6
  1401 | D:1      | You fall into a shaft and drop 1 floor!
  2230 | D:2      | Reached skill level 5 in Ice Magic
  2230 | D:2      | Reached XP level 4. HP: 32/33 MP: 4/8
  2276 | D:2      | Learned a level 3 spell: Frozen Ramparts
  2280 | D:2      | Learned a level 3 spell: Ozocubu's Armour
  2897 | D:3      | Found a glowing silver altar of Zin.
  3223 | D:3      | Reached XP level 5. HP: 39/39 MP: 9/9
  3570 | D:3      | Identified the ring of Harmony {rElec rF+ Slay+2}
  3927 | D:4      | Noticed an ogre
  3928 | D:4      | HP: 2/41 [orc/+0 flail (7)]
  3930 | D:3      | Slain by an orc

Illustrated notes

Levels and vault maps discovered:
D:1:      lightli_arrival_lavapool, layout_basic, ebering_ecumenical_altar_webs
D:2:      layout_rooms
D:3:      layout_loops_corners, zin_academy, minmay_box_of_dots
D:4:      layout_basic, st_stairs_1, minmay_fire_ice_demons

Skill      XL: |  1  2  3  4  5 |
---------------+----------------+-----
Fighting       | 1 2 3 |  3.0
Ice Magic      | 5 |  5.4
Spellcasting   | 3 |  3.2
Dodging        | |  2.6
Stealth        | |  2.1

Action                   |  1- 3 |  4- 6 || total
-------------------------+-------+-------++-------
Melee: Dagger            |    92 |    62 ||   154
       Punch             |     1 |       ||     1
 Cast: Freeze            |    41 |    31 ||    72
       Frozen Ramparts   |       |     3 ||     3
 Stab: Sleeping          |     3 |     4 ||     7
Armor: Robe              |    38 |    21 ||    59
Dodge: Dodged            |    74 |    62 ||   136
